 Dungeon Crawl Stone Soup version 0.22-a0-126-g307c7c3 (webtiles) character file.

5978 KristoblXynda the Covert (level 10, -4/84 HPs)
             Began as a Naga Berserker on Jan 30, 2018.
             Was an Elder of Trog.
             Hit by a stone thrown by a skeletal warrior (9 damage)
             ... on level 8 of the Dungeon.
             The game lasted 00:22:38 (8904 turns).

KristoblXynda the Covert (Naga Berserker)           Turns: 8904, Time: 00:22:39

Health: -4/84      AC:  8    Str: 20    XL:     10   Next: 84%
Magic:  10/10      EV: 20    Int: 10    God:    Trog [****..]
Gold:   543        SH:  8    Dex: 25    Spells: 9/9 levels left

rFire    . . .     SeeInvis +   q - +2 falchion (holy)
rCold    . . .     Gourm    .   x - +2 buckler
rNeg     . . .     Faith    .   J - +0 steam dragon scales
rPois    +         Spirit   .   r - +0 helmet
rElec    .         Reflect  .   (no cloak)
rCorr    .         Harm     .   (no gloves)
MR       ++...                  (no barding)
Stlth    +++++++...             l - amulet of Taatemi {+Rage rPois MR+ Dex+3}
HPRegen  0.24/turn              z - ring of stealth
MPRegen  0.12/turn              C - +6 ring of dexterity

@: agile, berserk cooldown, very slightly contaminated, slowed, very slow
A: large, see invisible, deformed body, poison resistance, slowness 2, slow
metabolism 1, spit poison 1, AC +3
a: Spit Poison, Berserk, Trog's Hand, Brothers in Arms, Burn Spellbooks,
Renounce Religion, Evoke Berserk Rage


You were on level 8 of the Dungeon.
You worshipped Trog.
Trog was greatly pleased with you.
You were very hungry.

You visited 2 branches of the dungeon, and saw 9 of its levels.

You collected 543 gold pieces.

Inventory:

Hand Weapons
 q - a +2 falchion of holy wrath (weapon)
 w - a +0 scimitar
 K - a +5 falchion
Missiles
 y - 2 poisoned javelins (quivered)
Armour
 r - a +0 helmet (worn)
 x - a +2 buckler (worn)
 J - +0 steam dragon scales (worn)
Jewellery
 d - an uncursed amulet of the gourmand {unknown}
 l - the amulet of Taatemi (around neck) {+Rage rPois MR+ Dex+3}
   (You found it on level 6 of the Dungeon)

   [amulet of rage]

   It affects your dexterity (+3).
   It protects you from poison.
   It affects your resistance to hostile enchantments.
   It lets you go berserk.
 n - an uncursed ring of positive energy
 z - a ring of stealth (left hand)
 C - a +6 ring of dexterity (right hand)
Wands
 u - a wand of disintegration (5)
 G - a wand of paralysis (19)
Scrolls
 e - 5 scrolls of remove curse
 g - a scroll of fear
 h - a scroll of magic mapping
 o - 5 scrolls of amnesia
 t - a scroll of teleportation
Potions
 a - 2 potions of lignification {unknown}
 f - 3 potions of heal wounds
 i - 7 potions of might
 k - a potion of magic
 m - 3 potions of curing
 s - a potion of ambrosia {unknown}
 v - a potion of cancellation {unknown}
 A - a potion of flight
 D - a potion of invisibility
Books
 B - a book of Frost

   Spells                             Type                      Level
   a - Freeze                         Ice                          1
   b - Throw Frost                    Conjuration/Ice              2
   c - Ozocubu's Armour               Charms/Ice                   3
   d - Throw Icicle                   Conjuration/Ice              4
   e - Summon Ice Beast               Ice/Summoning                4
   Trog disapproves of the use of such an item.
 E - a book of Conjurations

   Spells                             Type                      Level
   a - Magic Dart                     Conjuration                  1
   b - Searing Ray                    Conjuration                  2
   c - Dazzling Spray                 Conjuration/Hexes            3
   d - Fulminant Prism                Conjuration/Hexes            4
   e - Force Lance                    Conjuration/Translocation    4
   f - Iskenderun's Mystic Blast      Conjuration                  4
   Trog disapproves of the use of such an item.
 F - a Young Poisoner's Handbook

   Spells                             Type                      Level
   a - Sting                          Conjuration/Poison           1
   b - Poisonous Vapours              Poison/Air                   2
   c - Mephitic Cloud                 Conjuration/Poison/Air       3
   d - Olgreb's Toxic Radiance        Poison                       4
   e - Venom Bolt                     Conjuration/Poison           5
   Trog disapproves of the use of such an item.
Comestibles
 c - 8 rations
 p - a chunk of flesh


   Skills:
 - Level 3.0 Fighting
 + Level 9.2 Long Blades
 + Level 7.2 Armour
 + Level 6.2 Dodging
 + Level 9.8 Stealth
 - Level 3.3 Shields


You had 9 spell levels left.
You didn't know any spells.

Dungeon Overview and Level Annotations

Branches:
Dungeon (8/15)             Temple (1/1) D:6
   Lair: D:8-11

Altars:
Ashenzari
Cheibriados
Dithmenos
Elyvilon
Fedhas
Gozag
Hepliaklqana
Kikubaaqudgha
Makhleb
Nemelex Xobeh
Qazlal
Ru
Sif Muna
Trog
Uskayaw
Vehumet
Wu Jian
Xom
Yredelemnul
Zin
The Shining One

Annotations:
D:6 1 runed door


Innate Abilities, Weirdness & Mutations

You cannot wear boots.
Your serpentine skin is tough. (AC +3)
You have supernaturally acute eyesight. (SInv)
Armour fits poorly on your strangely shaped body.
Your system is resistant to poisons. (rPois)
You cover ground very slowly.
You have a slow metabolism.
You can spit poison.


Message History

You barely miss the skeletal warrior.
The skeletal warrior is almost destroyed.
The skeletal warrior misses you.
The skeletal warrior completely misses you.
You hit the skeletal warrior but do no damage.
The skeletal warrior is almost destroyed.
You hit the skeletal warrior but do no damage.
The skeletal warrior is almost destroyed.
The skeletal warrior hits you with a broad axe!
* * * LOW HITPOINT WARNING * * *
You hit the skeletal warrior.
The skeletal warrior convulses.
The skeletal warrior is almost destroyed.
You block the skeletal warrior's attack.
Blink to where?
Press: ? - help, Dir - move target cursor You are very lightly contaminated with residual magic.
As you read the scroll of blinking, it crumbles to dust.
The skeletal warrior throws a stone.
The stone barely misses you.
The skeletal warrior throws a stone.
The stone hits you!
You die...

#≈.####≈≈≈####
≈≈##..##8.8.8##
≈≈#_...'....).#
≈≈##..##8.8.8)#
#≈.####≈≈≈###.########
#≈≈....≈≈≈#...).†...[##
##≈≈≈≈≈≈≈##.######.#..#
.##≈≈≈≈≈###.#########.#
..###≈###...##(#@#.#..#
#...#####.###z§.#.###.#
#.#.......# #.####.#..#
#.###.>######. #†###.#
#.# #.#.....#. ##.#..#
#.# #.#.#####. ##.#.#
#.# #.#.# #. ###.#
#.###.#.# #. ..#
......#.# ## .##


You could see a skeletal warrior.

Vanquished Creatures
  A wolf spider zombie (D:7)
  3 centaur zombies (D:7)
  2 hellwings (D:7)
  A hippogriff (D:7)
  A hornet (D:7)
  Sigmund (D:3)
  The ghost of KristoblXynda the Slasher, an amateur NaBe of Trog (D:3)
  Menkaure (D:4)
  A black bear (D:6)
  2 orc warriors
  A sky beast (D:7)
  3 ogres (D:7)
  2 centaurs
  A wyvern zombie (D:7)
  6 bullfrogs
  2 scorpions
  4 killer bees (D:8)
  2 howler monkeys (D:6)
  3 wights (D:6)
  4 crimson imps
  5 hounds
  A jelly (D:8)
  3 orc priests
  9 orc wizards
  3 centaur skeletons
  2 worker ants
  2 iguanas (D:4)
  A hound skeleton (D:8)
  Robin (D:2)
  A howler monkey skeleton (D:6)
  11 adders
  8 shadow imps
  An ooze (D:2)
  3 adder skeletons
  A worm (D:4)
  3 dart slugs
  4 leopard geckos
  13 orcs
  3 ball pythons
  8 giant cockroaches
  13 goblins
  10 hobgoblins
  4 jackals (D:3)
  2 quokkas
  5 bats
  5 frilled lizards
  13 kobolds
  A leopard gecko zombie (D:6)
  A quokka skeleton (D:4)
  7 rats
  A butterfly (D:6)
187 creatures vanquished.

Notes
Turn   | Place    | Note
-------+----------+-------------------------------------------
     0 | D:1      | KristoblXynda the Naga Berserker began the quest for the Orb.
     0 | D:1      | Reached XP level 1. HP: 21/21 MP: 1/1
   103 | D:1      | Reached skill level 1 in Stealth
   103 | D:1      | Reached XP level 2. HP: 23/28 MP: 2/2
   899 | D:1      | Reached XP level 3. HP: 20/34 MP: 3/3
   900 | D:1      | Reached ** piety under Trog
  1664 | D:2      | Reached XP level 4. HP: 37/42 MP: 4/4
  1684 | D:2      | Found an ornate altar of the Wu Jian Council.
  1950 | D:2      | Found a white marble altar of Elyvilon.
  1995 | D:2      | Noticed Robin
  2009 | D:2      | Killed Robin
  2194 | D:3      | Reached XP level 5. HP: 47/49 MP: 5/5
  2197 | D:3      | Reached *** piety under Trog
  2319 | D:3      | Noticed Sigmund
  2472 | D:3      | Killed Sigmund
  2472 | D:3      | Reached XP level 6. HP: 43/56 MP: 6/6
  2716 | D:3      | Found a faded altar of an unknown god.
  2895 | D:3      | Noticed KristoblXynda's ghost (amateur NaBe)
  2901 | D:3      | Killed KristoblXynda's ghost
  2901 | D:3      | Reached skill level 5 in Long Blades
  2901 | D:3      | Reached XP level 7. HP: 62/62 MP: 7/7
  3290 | D:4      | Noticed Menkaure
  3295 | D:4      | Killed Menkaure
  3295 | D:4      | Reached skill level 1 in Shields
  3936 | D:4      | Reached XP level 8. HP: 60/69 MP: 8/8
  4256 | D:5      | Entered Level 5 of the Dungeon
  4274 | D:5      | Received a gift from Trog
  4418 | D:5      | Found a shimmering altar of Xom.
  4461 | D:5      | Found a hide-covered altar of Uskayaw.
  4461 | D:5      | Noticed a dagger
  4461 | D:5      | Noticed a hand axe
  4934 | D:5      | Found a snail-covered altar of Cheibriados.
  5331 | D:6      | Found a glowing golden altar of the Shining One.
  5562 | D:6      | Found a staircase to the Ecumenical Temple.
  5605 | Temple   | Entered the Ecumenical Temple
  5739 | D:6      | Reached skill level 5 in Armour
  5920 | D:6      | Got a warped zirconium amulet
  6202 | D:6      | Found a runed door.
  6203 | D:6      | Found a glowing silver altar of Zin.
  6203 | D:6      | Noticed an angel
  6287 | D:6      | Reached XP level 9. HP: 66/75 MP: 9/9
  6420 | D:7      | Noticed a hellwing
  6420 | D:7      | Noticed a hellwing
  6465 | D:7      | Identified the amulet of Taatemi {+Rage rPois MR+ Dex+3} (You found it on level 6 of the Dungeon)
  6546 | D:7      | Identified a scroll of acquirement
  6568 | D:7      | Reached skill level 5 in Stealth
  6627 | D:7      | Reached **** piety under Trog
  6785 | D:7      | Found a shadowy altar of Dithmenos.
  6951 | D:7      | Reached skill level 5 in Dodging
  6951 | D:7      | Reached XP level 10. HP: 76/84 MP: 10/10
  8229 | D:8      | Received a gift from Trog
  8713 | D:8      | Found a deep blue altar of Sif Muna.
  8873 | D:8      | Noticed a skeletal warrior
  8904 | D:8      | Hit by a stone thrown by a skeletal warrior

Vault maps used:
D:1:      dpeg_arrival_rooms_with_view, hex_medium
D:2:      elyvilon_altar_3, lemuel_doored_altar, uniq_robin
D:3:      chequers_ecumenical_altar_simple, uniq_sigmund
D:4:      uniq_menkaure
D:5:      dancing_weapons_uskayaw, kennysheep_slug_shrine, xom_teletrap_fun,
          first_ration, hangedman_decor_clover_reticule,
          minmay_a_box_with_orc_wizards_in_it
D:6:      tso_oasis_becter, minmay_temple_entry_butterflies, lemuel_angel_altar
D:7:      cheibrodos_grave_circle, grunt_dithmenos_shadows
D:8:      kennysheep_orc_sif_temple, minmay_small_thing
Temple:   regret_index_temple_waves

Skill      XL: |  1  2  3  4  5  6  7  8  9 10 |
---------------+-------------------------------+-----
Stealth        | 1 2 3 7 9 |  9.8
Armour         | 2 3 4 5 6 7 |  7.2
Dodging        | 2 3 5 6 |  6.2
Long Blades    | 4 5 6 7 8 9 |  9.2
Shields        | 2 3 |  3.3
Fighting       | |  3.0

Action                   |  1- 3 |  4- 6 |  7- 9 | 10-12 || total
-------------------------+-------+-------+-------+-------++-------
Melee: Falchion          |   130 |   110 |   283 |   222 ||   745
Invok: Berserk           |       |     3 |     4 |     5 ||    12
       Trog's Hand       |       |       |     1 |       ||     1
 Abil: Spit Poison       |     3 |     1 |       |     7 ||    11
  Use: Scroll            |       |     5 |    12 |     6 ||    23
       Potion            |       |       |     1 |     4 ||     5
 Stab: Sleeping          |     1 |       |     4 |     7 ||    12
       Distracted        |       |     1 |       |     3 ||     4
  Eat: Chunk             |     2 |     5 |     6 |     6 ||    19
       Ration            |       |       |     3 |     1 ||     4
Armor: Animal skin       |     7 |       |       |       ||     7
       Ring mail         |    32 |    40 |    59 |       ||   131
       Steam dragon scal |       |       |    39 |    39 ||    78
Dodge: Dodged            |    67 |    71 |   152 |   119 ||   409
Block: Buckler           |       |     3 |    58 |    65 ||   126
       Rpst.: Falchion   |    24 |    29 |    37 |    23 ||   113

Table legend:
 A = Spawn XP
 B = Non-spawn XP
 C = Spawn XP percentage of total XP
 D = Spawn monster count
 E = Non-spawn monster count
 F = Spawn count percentage of total count
 G = Total turns spent on level
                    A         B        C        D         E        F      G
               +---------+---------+-------+---------+---------+-------+---------
         Total |       0 |    8540 |   0.0 |       0 |     186 |   0.0 |  8904
               +---------+---------+-------+---------+---------+-------+---------
           D:1 |       0 |      45 |   0.0 |       0 |      26 |   0.0 |  1203
           D:2 |       0 |     112 |   0.0 |       0 |      36 |   0.0 |   970
           D:3 |       0 |     485 |   0.0 |       0 |      19 |   0.0 |   897
           D:4 |       0 |     633 |   0.0 |       0 |      22 |   0.0 |  1186
           D:5 |       0 |     247 |   0.0 |       0 |       7 |   0.0 |  1059
           D:6 |       0 |     867 |   0.0 |       0 |      15 |   0.0 |   975
           D:7 |       0 |    5240 |   0.0 |       0 |      34 |   0.0 |  1710
           D:8 |       0 |     911 |   0.0 |       0 |      27 |   0.0 |   774
               +---------+---------+-------+---------+---------+-------+---------
